 Dungeon Crawl Stone Soup version 0.32-a0-473-gd044c6f0f0 (webtiles) character file.

Game seed: 6858742354637620039

70 ezpacito the Trooper (level 4, -8/52 HPs)
             Began as a Demonspawn Chaos Knight on Feb 26, 2024.
             Was a Plaything of Xom.
             Killed by an exploding butterfly (12 damage)
             ... ignited by their inner flame
             ... on level 2 of the Dungeon.
             The game lasted 00:02:02 (802 turns).

ezpacito the Trooper (Demonspawn Chaos Knight)       Turns: 802, Time: 00:02:03

Health: -8/52      AC: 22    Str: 14    XL:     4   Next: 3%
Magic:  4/4        EV:  2    Int: 13    God:    Xom [..*...]
Gold:   30         SH:  0    Dex: 12    Spells: 4/4 levels left

rFire   . . .        a - +0 hand axe (chaos)
rCold   . . .        (no shield)
rNeg    . . .        b - melded +2 leather armour
rPois   +            (helmet currently unavailable)
rElec   .            (cloak currently unavailable)
rCorr   .            (gloves currently unavailable)
SInv    .            (boots currently unavailable)
Will    .....        (no amulet)
Stlth   +            (no ring)
HPRegen 0.28/turn    (no ring)
MPRegen 0.09/turn

%: no passive effects
@: tree-form
A: stationary, stasis, torment immunity, boosted hp, (large bone plates 1),
demonic magic 1
a: Renounce Religion


You were on level 2 of the Dungeon.
You worshipped Xom.
You were a toy of Xom.
You were a tree.
You visited 1 branch of the dungeon, and saw 2 of its levels.

You collected 30 gold pieces.

Inventory:

Hand Weapons
 a - a +0 hand axe of chaos (weapon)
Missiles
 k - 4 curare-tipped darts (quivered)
Armour
 b - a +2 leather armour (melded)
Scrolls
 e - 2 scrolls of enchant armour
 i - 4 scrolls of teleportation
 j - a scroll of blinking {unknown}


   Skills:
 * Level 3.2 Fighting
 * Level 3.1 Axes
 + Level 0.5(2.0) Polearms
 + Level 0.0 Throwing
 * Level 2.1 Armour
 * Level 1.3 Dodging
 + Level 0.8 Stealth
 * Level 1.2 Unarmed Combat
 + Level 0.5 Spellcasting


You had 4 spell levels left.
You didn't know any spells.
Your spell library was empty.

Dungeon Overview and Level Annotations

Branches:
Dungeon (2/15)

Altars:


Innate Abilities, Weirdness & Mutations

You are a tree.
Your roots penetrate the ground, keeping you stationary.
You cannot be teleported.
You are immune to unholy pain and torment.
Your maximum health is greatly increased.
Your equipment is partially melded.
((You are partially covered in large bone plates. (SH +4)))
Spells you cast may paralyse adjacent enemies.


Message History

It was a scroll of immolation.
The endoplasm closely misses your butterfly.
You cannot teleport because you are held in place by your roots.
As you read the scroll labelled KAOCKYECUY, it crumbles to dust.
You feel a surge of unholy energy.
The ribbon worm convulses!
Flame seeps out of the ribbon worm.
It was a scroll of torment.
The ribbon worm is engulfed in blazing flames.
The ribbon worm explodes!
The fiery explosion engulfs your butterfly!!!
Your butterfly disappears in a burst of colours!
The fiery explosion engulfs your butterfly!!
Your butterfly disappears in a burst of colours!
Your butterfly explodes!
The fiery explosion engulfs your butterfly!!
Your butterfly disappears in a burst of colours!
The fiery explosion engulfs your butterfly!!
Your butterfly disappears in a burst of colours!
The fiery explosion engulfs your butterfly!!
Your butterfly disappears in a burst of colours!
Your butterfly explodes!
The fiery explosion engulfs your butterfly!!
Your butterfly disappears in a burst of colours!
The fiery explosion engulfs your butterfly!!
Your butterfly disappears in a burst of colours!
Your butterfly explodes!
The fiery explosion engulfs your butterfly!!
Your butterfly disappears in a burst of colours!
The fiery explosion engulfs your butterfly!!
Your butterfly disappears in a burst of colours!
Your butterfly explodes!
The fiery explosion engulfs your butterfly!
Your butterfly disappears in a burst of colours!
The fiery explosion engulfs your butterfly!!
Your butterfly disappears in a burst of colours!
Your butterfly explodes!
The fiery explosion engulfs your butterfly!!
Your butterfly disappears in a burst of colours!
The fiery explosion engulfs you!
You die...
Xom bursts into laughter!

.....ßß.. ......... ..b..b...
.bb..bbß#### ####
....§§§....##... ..
..§§§§§§§Jbb..# ... .# ..
..§§§§§§§bbbb#### ... .# ...
.§○§§§§♣b.bb....# #.# .##.###
..§§..bbbbbbb...###.# ......##
###....b..bbb#...##.#### .......#
#bbbb..b.b......#.##..
.......#####..##.#.........#.##.~
.......P.P.##. #.##..†........#.~
.......P..P## #.####..........~~
†.........P. ......##..........
.......P.P.#......##.###.........


You could see an endoplasm (inner flame, ally target).

Vanquished Creatures
  A ribbon worm (D:2)
  A bat zombie (D:2)
  5 endoplasms
  2 giant cockroaches
  10 goblins
  3 hobgoblins
  4 kobolds (D:1)
  3 quokkas
  7 ball pythons
  2 ball python skeletons (D:2)
  5 bats
  A frilled lizard (D:1)
  A quokka skeleton (D:2)
  9 rats
54 creatures vanquished.

Vanquished Creatures (collateral kills)
  An adder (D:2)
  A goblin (D:2)
  A rat (D:2)
3 creatures vanquished.

Vanquished Creatures (others)
  A ball python zombie (D:2)
1 creature vanquished.

Grand Total: 58 creatures vanquished

Notes
Turn   | Place    | Note
-------+----------+-------------------------------------------
     0 | D:1      | ezpacito the Demonspawn Chaos Knight began the quest for
                  | the Orb.
     0 | D:1      | Reached XP level 1. HP: 18/18 MP: 1/1
    20 | D:1      | XOM: potion effect (curing)
    27 | D:1      | XOM: butterfly on damage
   127 | D:1      | XOM: noise
   140 | D:1      | Reached skill level 1 in Dodging
   145 | D:1      | Gained mutation: Spells you cast may paralyse adjacent
                  | enemies. [demonic ancestry]
   145 | D:1      | Reached XP level 2. HP: 17/24 MP: 2/2
   380 | D:1      | Reached skill level 1 in Unarmed Combat
   380 | D:1      | Gained mutation: You are partially covered in large bone
                  | plates. (SH +4) [demonic ancestry]
   380 | D:1      | Reached XP level 3. HP: 28/29 MP: 3/3
   485 | D:1      | XOM: divination: detect creatures
   580 | D:2      | XOM: divination: detect creatures
   669 | D:2      | XOM: silly message
   748 | D:2      | XOM: silly message
   793 | D:2      | Reached XP level 4. HP: 28/35 MP: 4/4
   797 | D:2      | HP: 2/52 [frozen (4)]
   802 | D:2      | Killed by an exploding butterfly... ignited by their inner
                  | flame

Illustrated notes

Levels and vault maps discovered:
D:1:      minmay_arrival_up_and_down, layout_rooms,
          minmay_misc_feat_more_columns, st_stairs_10, minmay_pentomino_q2
D:2:      layout_rooms, serial_undead, serial_undead_c, serial_undead_b,
          serial_undead_e, serial_undead_f, serial_undead_b,
          minmay_misc_feat_enclosed, grunt_ministairs_2,
          minmay_indecisive_spiral

Skill      XL: |  1  2  3 |
---------------+----------+-----
Dodging        | 1 |  1.3
Armour         | 2 |  2.1
Unarmed Combat | 1 |  1.2
Axes           | 3 |  3.1
Fighting       | |  3.2
Polearms       | |  0.5
Stealth        | |  0.8
Spellcasting   | |  0.5

Action                     |  1- 3 |  4- 6 || total
---------------------------+-------+-------++-------
  Melee: Hand axe          |   123 |     4 ||   127
    Use: Scroll            |       |     5 ||     5
         Potion            |       |     1 ||     1
 Armour: Leather armour    |    69 |     5 ||    74
         Skin              |       |     2 ||     2
  Dodge: Dodged            |    88 |       ||    88
  Block: Other             |    12 |       ||    12

Table legend: (Time is in decaauts)
 A = Elapsed time spent in this place.
 B = Non-inter-level travel time spent in this place.
 C = Inter-level travel time spent in this place.
 D = Time resting spent in this place.
 E = Time spent auto-exploring this place.
 F = Levels seen in this place.
 G = Mean time per level.
                   A        B        C        D        E       F      G
               +--------+--------+--------+--------+--------+-----+--------+
         Total |    821 |    815 |      6 |     68 |    473 |   2 |  410.5 |
       Dungeon |    821 |    815 |      6 |     68 |    473 |   2 |  410.5 |
               +--------+--------+--------+--------+--------+-----+--------+

Top non-repeatable levels by time:
     D:1: 526 daAuts
     D:2: 294 daAuts
